 Dungeon Crawl Stone Soup version 0.29-a0-380-gf50f0a9fbc (webtiles) character file.

Game seed: 2960390243555076510

496 Antichthon the Skirmisher (level 7, -6/55 HPs)
             Began as a Formicid Abyssal Knight on May 5, 2022.
             Was a Priest of Lugonu.
             Mangled by Prince Ribbit (16 damage)
             ... on level 5 of the Dungeon.
             The game lasted 00:05:28 (5217 turns).

Antichthon the Skirmisher (Formicid Abyssal Knight) Turns: 5217, Time: 00:05:29

Health: -6/55      AC:  5    Str: 17    XL:     7   Next: 38%
Magic:  0/0        EV: 11    Int: 10    God:    Lugonu [***...]
Gold:   87         SH:  0    Dex: 13    Spells: 6/6 levels left

rFire   . . .      SeeInvis +   a - +5 trident of Defiance {vorpal, rN++ MP-9}
rCold   + . .      Faith    .   (no shield)
rNeg    + + .      Spirit   .   h - +2 leather armour {Will+}
rPois   .          Reflect  .   (helmet unavailable)
rElec   .          Harm     .   (no cloak)
rCorr   .          Rampage  .   (no gloves)
Will    +....                   (no boots)
Stlth   +.........              (no amulet)
HPRegen 0.18/turn               b - ring of protection from cold
MPRegen 0.07/turn               (no ring)

@: confused, ambrosia-drunk
A: permanent stasis, dig shafts and tunnels, antennae 3, four strong arms
a: Dig, Shaft Self, Renounce Religion, Depart the Abyss, Bend Space, Banish


You were on level 5 of the Dungeon.
You worshipped Lugonu.
Lugonu was most pleased with you.
You visited 1 branch of the dungeon, and saw 5 of its levels.
You visited the Abyss 1 time.

You collected 240 gold pieces.
You spent 153 gold pieces at shops.

Inventory:

Hand Weapons
 a - the +5 trident of Defiance (weapon) {vorpal, rN++ MP-9}
   (You bought it in a shop on level 3 of the Dungeon)

   It inflicts extra damage upon your enemies.
   rN:        It greatly protects you from negative energy.
   MP:        It affects your magic capacity (-9).
Armour
 h - a +2 leather armour of willpower (worn)
Jewellery
 b - a ring of protection from cold (left hand)
 k - an amulet of reflection
Scrolls
 e - 2 scrolls of identify
 f - 2 scrolls of silence
 i - a scroll of immolation
Potions
 c - a potion of flight
 d - a potion of ambrosia
 g - a potion of attraction
 l - a potion of cancellation


   Skills:
 * Level 4.5 Fighting
 - Level 2.0 Maces & Flails
 * Level 2.6 Polearms
 * Level 3.9 Crossbows
 * Level 2.9 Armour
 * Level 1.7 Dodging
 * Level 1.8 Stealth
 * Level 1.8 Shields
 * Level 2.9 Invocations
 * Level 1.3 Evocations


You had 6 spell levels left.
You didn't know any spells.
Your spell library contained the following spells:

 Spells                   Type           Power      Damage    Failure   Level
 Ozocubu's Armour         Ice            0%         N/A       80%         3
 Summon Ice Beast         Ice/Summ       0%         N/A       99%         4
 Summon Lightning Spire   Summ/Air       0%         N/A       99%         4
 Metabolic Englaciation   Hex/Ice        0%         N/A       100%        5
 Summon Mana Viper        Hex/Summ       0%         N/A       100%        5
 Simulacrum               Ice/Necr       0%         N/A       100%        6
 Monstrous Menagerie      Summ           0%         N/A       100%        7
 Storm Form               Tmut/Air       0%         N/A       100%        7
 Maxwell's Capacitive Co  Air            0%         ∞         100%        8


Dungeon Overview and Level Annotations

Branches:
Dungeon (5/15)
 Temple: D:4-7

Altars:
Ashenzari
Makhleb
Nemelex Xobeh
Okawaru
Vehumet
The Shining One

Shops:
D:3 *   D:5 !

Annotations:
D:5 Prince Ribbit


Innate Abilities, Weirdness & Mutations

You cannot be hasted, slowed, berserked, paralysed or teleported.
You can dig through walls and to a lower floor.
You have a pair of large antennae on your head. (SInv)
Your four strong arms can wield two-handed weapons with a shield.


Message History

You feel sick.
You feel sick.
You feel sick.
You feel sick.
You feel sick.
You feel sick.
You are no longer poisoned.
Prince Ribbit hops awkwardly around.
Prince Ribbit blinks!
Prince Ribbit catches a blue-tailed skink with his tongue.
There is a stone staircase leading up here.
You see here 2 potions of berserk rage.
You climb upwards.
There is a stone staircase leading down here.
You start resting.
HP restored.
You climb downwards.
Level annotation: Prince Ribbit Prince Ribbit hits you!
Prince Ribbit hits you.
There is a stone staircase leading up, spattered with blood here.
You see here 2 potions of berserk rage.
You hit Prince Ribbit.
Prince Ribbit is lightly wounded.
Prince Ribbit hits you! x2
You hit Prince Ribbit.
Prince Ribbit is moderately wounded.
Prince Ribbit hits you!
* * * LOW HITPOINT WARNING * * *
Prince Ribbit hits you but does no damage.
Unknown command.
Okay, then.
Unknown command.
You are confused.
You feel invigorated. Prince Ribbit hits you!
* * * LOW HITPOINT WARNING * * *
Unknown command.
You puncture Prince Ribbit!
Prince Ribbit is heavily wounded.
Prince Ribbit hits you!
You die...

######### #. .
##...#...## #...
##.........## #...
#@..........# #...
#.F.........###...
#............##.♣.
##.........#.##...
##...#...##...♣∩♣
####...>....."..
#..#####F..♣.
♣..... #.....
♣...... #.##.#


You could see Prince Ribbit.

Vanquished Creatures
  A phantom (D:3)
  A necrophage (D:4)
  2 scorpions
  A crimson imp (D:3)
  A jelly (D:5)
  An orc priest (D:3)
  An iguana (D:5)
  An orc wizard (D:3)
  4 adders
  A worm (D:3)
  2 dart slugs
  6 orcs
  5 ball pythons
  5 bats
  2 endoplasms (D:1)
  2 giant cockroaches (D:1)
  10 goblins
  2 hobgoblins (D:1)
  7 kobolds
  3 quokkas
  11 frilled lizards
  3 rats
72 creatures vanquished.

Notes
Turn   | Place    | Note
-------+----------+-------------------------------------------
     0 | Abyss:1  | Antichthon the Formicid Abyssal Knight began the quest for
                  | the Orb.
     0 | Abyss:1  | Reached XP level 1. HP: 18/18 MP: 2/2
    29 | D:1      | Escaped the Abyss
   106 | D:1      | Reached skill level 1 in Crossbows
   253 | D:1      | Found a faded altar of an unknown god.
   263 | D:1      | Reached XP level 2. HP: 21/24 MP: 3/3
  1126 | D:1      | Reached XP level 3. HP: 29/29 MP: 4/4
  1888 | D:2      | Reached XP level 4. HP: 28/35 MP: 5/5
  2538 | D:3      | Found a glowing golden altar of the Shining One.
  2586 | D:3      | Found Qeashonuch's Assorted Antiques.
  2631 | D:3      | Bought an encrusted trident for 153 gold pieces
  2631 | D:3      | Identified the +5 trident of Defiance {vorpal, rN++ MP-9}
                  | (You bought it in a shop on level 3 of the Dungeon)
  2705 | D:3      | Reached skill level 1 in Dodging
  2885 | D:3      | Reached XP level 5. HP: 40/41 MP: 0/6
  2960 | D:3      | Found an iron altar of Okawaru.
  2984 | D:3      | Noticed a phantom
  2996 | D:3      | Killed a phantom
  2997 | D:3      | Reached skill level 4 in Fighting
  2997 | D:3      | Reached skill level 1 in Polearms
  2997 | D:3      | Reached skill level 1 in Stealth
  3131 | D:3      | Found a burning altar of Makhleb.
  3131 | D:3      | Found a radiant altar of Vehumet.
  3139 | D:3      | Reached skill level 1 in Shields
  3139 | D:3      | Reached XP level 6. HP: 42/48 MP: 0/7
  3692 | D:4      | Reached skill level 1 in Evocations
  4039 | D:4      | Reached *** piety under Lugonu
  4040 | D:4      | Reached XP level 7. HP: 40/55 MP: 0/9
  4221 | D:4      | Found a sparkling altar of Nemelex Xobeh.
  4279 | D:4      | Found a broken altar of Ashenzari.
  4682 | D:5      | Entered Level 5 of the Dungeon
  4920 | D:5      | Found Qobragim's Distillery.
  4928 | D:5      | Noticed Prince Ribbit
  5217 | D:5      | Mangled by Prince Ribbit

Illustrated notes

Levels and vault maps discovered:
D:1:      eino_arrival_druids_welcome, layout_basic,
          hellmonk_ecumenical_altar_blasted
D:2:      layout_basic, minmay_lizard_pond
D:3:      layout_basic, grunt_temple_overflow_lords_of_destruction,
          amcnicky_altar_gilded, mainiacjoe_overflow_chevrons, serial_shops,
          nicolae_diamond_shop
D:4:      layout_cave_pods, kennysheep_mini_moat, kennysheep_little_box
D:5:      layout_rooms, serial_shops, nicolae_shop_trees, nicolae_shop_fire_sale
          [nicolae_sub_dead_trees], kennysheep_decorative_pillar,
          uniq_prince_ribbit1

Skill      XL: |  1  2  3  4  5  6 |
---------------+-------------------+-----
Crossbows      | 1 2 3 |  3.9
Dodging        | 1 |  1.7
Fighting       | 4 |  4.5
Polearms       | 1 2 |  2.6
Stealth        | 1 |  1.8
Shields        | 1 |  1.8
Evocations     | 1 |  1.3
Maces & Flails | |  2.0
Armour         | |  2.9
Invocations    | |  2.9

Action                   |  1- 3 |  4- 6 |  7- 9 || total
-------------------------+-------+-------+-------++-------
Melee: Mace              |    99 |    18 |       ||   117
       Punch             |     1 |     2 |       ||     3
       Trident           |       |    76 |    25 ||   101
Invok: Depart the Abyss  |     1 |       |       ||     1
  Use: Scroll            |       |    12 |     2 ||    14
       Potion            |       |       |     1 ||     1
 Stab: Sleeping          |     1 |       |       ||     1
       Distracted        |       |     1 |       ||     1
Armor: Leather armour    |    67 |    34 |    11 ||   112
Dodge: Dodged            |    94 |    61 |     7 ||   162

Table legend: (Time is in decaauts)
 A = Elapsed time spent in this place.
 B = Non-inter-level travel time spent in this place.
 C = Inter-level travel time spent in this place.
 D = Time resting spent in this place.
 E = Time spent auto-exploring this place.
 F = Levels seen in this place.
 G = Mean time per level.
                   A        B        C        D        E       F      G
               +--------+--------+--------+--------+--------+-----+--------+
         Total |   5274 |   5146 |    128 |    286 |   4065 |   6 |  879.0 |
       Dungeon |   5245 |   5117 |    128 |    286 |   4037 |   5 | 1049.0 |
         Abyss |     29 |     29 |      0 |      0 |     28 |   1 |   29.0 |
               +--------+--------+--------+--------+--------+-----+--------+

Top non-repeatable levels by time:
     D:2: 1364 daAuts
     D:4: 1359 daAuts
     D:1: 1171 daAuts
     D:3: 1080 daAuts
     D:5: 270 daAuts
 Abyss:1: 29 daAuts
